 Dungeon Crawl Stone Soup version 0.30-a0-672-gc3a7216ad8 (webtiles) character file.

Game seed: 12061721782782438777

190 BigDaddyOpFi the Trooper (level 5, -1/42 HPs)
             Began as a Demonspawn Fighter on Jan 18, 2023.
             Slain by a gnoll
             ... wielding a +0 halberd
              (9 damage)
             ... on level 3 of the Dungeon.
             The game lasted 00:01:51 (1724 turns).

BigDaddyOpFi the Trooper (Demonspawn Fighter)       Turns: 1724, Time: 00:01:52

Health: -1/42      AC: 11    Str: 18    XL:     5   Next: 41%
Magic:  5/5        EV:  5    Int: 10    God:
Gold:   87         SH:  4    Dex: 12    Spells: 4/4 levels left

rFire   . . .      SeeInvis .    a - +0 war axe (drain)
rCold   . . .      Faith    .    c - +0 buckler
rNeg    . . .      Spirit   .    l - +0 plate armour
rPois   .          Reflect  .    (helmet restricted)
rElec   .          Harm     .    (no cloak)
rCorr   .          Rampage  .    (no gloves)
Will    .....                    (no boots) Stlth
                                 i - amulet of magic regeneration
HPRegen 0.27/turn                (no ring)
MPRegen 0.49/turn                (no ring)

@: mighty
A: horns 1, powered by pain 1
a: no special abilities


You were on level 3 of the Dungeon.
You visited 1 branch of the dungeon, and saw 3 of its levels.

You collected 87 gold pieces.

Inventory:

Hand Weapons
 a - a +0 war axe of draining (weapon)
Armour
 c - a +0 buckler (worn)
 l - a +0 plate armour (worn)
Jewellery
 i - an amulet of magic regeneration (around neck)
Scrolls
 e - a scroll of fog {unknown}
Potions
 b - a potion of haste {unknown}
 j - a potion of curing {unknown}


   Skills:
 + Level 4.0 Fighting
 + Level 2.9 Axes
 + Level 3.6 Armour
 + Level 3.7 Shields


You had 4 spell levels left.
You didn't know any spells.
Your spell library contained the following spells:

 Spells                   Type           Power      Damage    Failure   Level
 Apportation              Tloc           0%         N/A       100%        1
 Necrotise                Necr           0%         1d4       100%        1
 Summon Small Mammal      Summ           0%         N/A       100%        1
 Vhi's Electric Charge    Tloc/Air       0%         N/A       100%        3
 Arcjolt                  Conj/Air       0%         1d10      100%        5
 Maxwell's Capacitive Co  Air            0%         ∞         100%        8


Dungeon Overview and Level Annotations

Branches:
Dungeon (3/15)

Altars:
Sif Muna

Shops:
D:1 [


Innate Abilities, Weirdness & Mutations

You have a pair of small horns on your head.
You sometimes gain a little power by taking damage.


Message History

The gnoll shouts! x2
The bat hits you.
There are monsters nearby!
You barely miss the bat. The bat completely misses you.
A ball python comes into view.
There are monsters nearby!
You barely miss the bat. You block the bat's attack.
An endoplasm comes into view.
The gnoll hits you from afar with a +0 halberd!
You miss the bat.
The endoplasm quivers.
You headbutt the bat.
You kill the bat!
The gnoll hits you from afar with a +0 halberd!
You see here a scroll labelled CIT COAMPOD INTOZI.
You feel very mighty all of a sudden.
You barely miss the gnoll. You headbutt the gnoll!
The gnoll is severely wounded.
You slash the gnoll! The gnoll hits you with a +0 club.
The gnoll hits you with a +0 flail. The gnoll hits you but does no damage.
The gnoll barely misses you. The gnoll hits you with a +0 flail.
You closely miss the gnoll.
The gnoll is severely wounded.
You barely miss the gnoll. The gnoll hits you with a +0 flail.
* * * LOW HITPOINT WARNING * * *
The gnoll barely misses you. x2
You closely miss the gnoll. You headbutt the gnoll.
You kill the gnoll!
You barely miss the gnoll. You block the gnoll's attack.
The gnoll closely misses you. The ball python bites you.
* * * LOW HITPOINT WARNING * * *
The ball python grabs you. The ball python constricts you.
Your Fighting skill increases to level 4!
Unknown command.
You slash the ball python!
You kill the ball python!
You closely miss the gnoll. The gnoll hits you but does no damage.
You block the gnoll's attack.
The gnoll hits you from afar with a +0 halberd!
You die...

...# #......# .###
#####......#
...###......#####
##...........##
###..........##
#...†..........##
#.##..........g.##
. #..........#g)#
#...).....S##@#
##........###..#
.......... ...#
.....J...#.###
....... ..
........## . .


You could see 2 gnolls.

Vanquished Creatures
  2 hounds (D:3)
  5 adders
  A gnoll (D:3)
  A worm (D:3)
  2 dart slugs
  5 orcs (D:3)
  3 endoplasms
  2 giant cockroaches (D:2)
  8 goblins
  4 hobgoblins
  3 jackals (D:2)
  3 quokkas (D:1)
  5 ball pythons
  4 bats
  3 frilled lizards
  6 kobolds
  6 rats
63 creatures vanquished.

Notes
Turn   | Place    | Note
-------+----------+-------------------------------------------
     0 | D:1      | BigDaddyOpFi the Demonspawn Fighter began the quest for the
                  | Orb.
     0 | D:1      | Reached XP level 1. HP: 18/18 MP: 1/1
   175 | D:1      | Found Ufifusm's Antique Armour Boutique.
   183 | D:1      | Gained mutation: You have a pair of small horns on your
                  | head. [demonic ancestry]
   183 | D:1      | Reached XP level 2. HP: 23/24 MP: 2/2
   318 | D:1      | You fall into a shaft and drop 1 floor!
   619 | D:2      | Reached XP level 3. HP: 29/29 MP: 3/3
  1394 | D:3      | Reached XP level 4. HP: 33/35 MP: 4/4
  1632 | D:3      | Found a shimmering blue altar of Sif Muna.
  1659 | D:3      | Gained mutation: You sometimes gain a little power by
                  | taking damage. [demonic ancestry]
  1659 | D:3      | Reached XP level 5. HP: 42/42 MP: 5/5
  1724 | D:3      | Reached skill level 4 in Fighting
  1724 | D:3      | Slain by a gnoll

Illustrated notes

Levels and vault maps discovered:
D:1:      ebering_trefoil_3fold, layout_basic, serial_shops,
          nicolae_shop_statue_plus, chequers_ecumenical_altar_island
D:2:      minmay_angry_zag, layout_basic
D:3:      layout_rooms, nicolae_sif_muna_little_library

Skill      XL: |  1  2  3  4  5 |
---------------+----------------+-----
Axes           | 2 |  2.9
Armour         | 3 |  3.6
Shields        | 3 |  3.7
Fighting       | 4 |  4.0

Action                   |  1- 3 |  4- 6 || total
-------------------------+-------+-------++-------
Melee: War axe           |   101 |    47 ||   148
       Headbutt          |    10 |     8 ||    18
  Use: Scroll            |     4 |       ||     4
       Potion            |       |     1 ||     1
Armor: Chain mail        |    51 |       ||    51
       Scale mail        |     6 |       ||     6
       Plate armour      |     6 |    33 ||    39
Dodge: Dodged            |    35 |    15 ||    50
Block: Buckler           |    20 |    11 ||    31

Table legend: (Time is in decaauts)
 A = Elapsed time spent in this place.
 B = Non-inter-level travel time spent in this place.
 C = Inter-level travel time spent in this place.
 D = Time resting spent in this place.
 E = Time spent auto-exploring this place.
 F = Levels seen in this place.
 G = Mean time per level.
                   A        B        C        D        E       F      G
               +--------+--------+--------+--------+--------+-----+--------+
         Total |   1786 |   1764 |     22 |      0 |   1343 |   3 |  595.3 |
       Dungeon |   1786 |   1764 |     22 |      0 |   1343 |   3 |  595.3 |
               +--------+--------+--------+--------+--------+-----+--------+

Top non-repeatable levels by time:
     D:2: 1093 daAuts
     D:3: 358 daAuts
     D:1: 334 daAuts
